 Dungeon Crawl Stone Soup version 0.30-a0-29-g142975f185 (webtiles) character file.

Game seed: 7057842569960284674

98 robertstho the Magician (level 5, 0/37 HPs)
             Began as a Djinni Fire Elementalist on Aug 26, 2022.
             Slain by an orc
             ... wielding a +0 flail
              (4 damage)
             ... on level 3 of the Dungeon.
             The game lasted 00:02:27 (2917 turns).

robertstho the Magician (Djinni Fire Elementalist)  Turns: 2917, Time: 00:02:27

Health: 0/37       AC:  2    Str:  7    XL:     5   Next: 1%
Gold:   77         EV: 12    Int: 19    God:
                   SH:  0    Dex: 13

rFire   + + .      SeeInvis .    g - +1 dagger (vamp)
rCold   x . .      Faith    .    (no shield)
rNeg    . . .      Spirit   .    a - +0 robe
rPois   ∞          Reflect  .    (no helmet)
rElec   .          Harm     .    (no cloak)
rCorr   .          Rampage  .    (no gloves)
Will    .....                    (boots unavailable)
Stlth   ++........               (no amulet)
HPRegen 0.12/turn                (no ring)
MPRegen 0.00/turn                (no ring)

@: flying
A: sickness immunity, fire resistance 2, cold vulnerability 1, float, innate
caster, HP casting, extra vitality 1
a: no special abilities


You were on level 3 of the Dungeon.
You visited 1 branch of the dungeon, and saw 3 of its levels.

You collected 77 gold pieces.

Inventory:

Hand Weapons
 g - a +1 vampiric dagger (weapon)
Armour
 a - a +0 robe (worn)
Jewellery
 f - a ring of fire
Scrolls
 e - a scroll of enchant weapon {unknown}
 i - 2 scrolls of identify {unknown}
 j - 2 scrolls of immolation {unknown}
 k - a scroll of fear {unknown}
Potions
 b - a potion of cancellation {unknown}
 c - a potion of curing {unknown}
 d - 3 potions of heal wounds {unknown}
 h - a potion of invisibility {unknown}


   Skills:
 * Level 1.0 Fighting
 + Level 2.2 Dodging
 + Level 1.7 Stealth
 * Level 3.9 Spellcasting


You couldn't memorise any spells.
You knew the following spells:

 Your Spells              Type           Power      Damage    Failure   Level
a - Foxfire               Conj/Fire      72%        2x1d7     2%          1
b - Scorch                Fire           36%        2d7       4%          2
c - Conjure Flame         Conj/Fire      18%        6-21      9%          3
d - Inner Flame           Hex/Fire       18%        N/A       9%          3
e - Flame Wave            Conj/Fire      18%        2d7       28%         4
f - Freeze                Ice            72%        1d9       2%          1
g - Poisonous Vapours     Pois/Air       36%        N/A       4%          2
Your spell library was empty.

Dungeon Overview and Level Annotations

Branches:
Dungeon (3/15)

Altars:
Okawaru


Innate Abilities, Weirdness & Mutations

You are immune to sickness and miasma.
You are immune to poison.
Your flesh is very heat resistant. (rF++)
You are vulnerable to cold. (rC-)
You float through the air rather than walking.
You learn spells naturally, not from books.
Your magical power is your life essence.
You have superior vitality. (+4 MHP)


Message History

The adder hisses angrily.
The foxfire hits something.
Unknown command.
Casting: Foxfire (safe; 3% risk of failure)
Press: ? - help, Q - select action, (/) - cycle Dir - look around, f - activate You conjure some foxfire!
The foxfire hits something!
Reactivating autopickup.
You feel a bit more experienced.
The foxfire hits the orc!
You kill the orc!
Your Fighting skill increases to level 1!
You have reached level 5!
The power to cast Poisonous Vapours wells up from within.
Spell assigned to 'g'.
Casting: Foxfire (safe; 2% risk of failure)
Press: ? - help, Q - select action, (/) - cycle Dir - look around, f - activate You conjure some foxfire!
Unknown command.
Casting: Foxfire (safe; 2% risk of failure)
Press: ? - help, Q - select action, (/) - cycle Dir - look around, f - activate You conjure some foxfire!
The foxfire hits the orc.
The orc is moderately wounded.
The foxfire hits the orc but does no damage.
The orc is moderately wounded.
The foxfire hits the orc.
The orc is heavily wounded.
Casting: Foxfire (safe; 2% risk of failure)
Press: ? - help, Q - select action, (/) - cycle Dir - look around, f - activate You conjure some foxfire!
A rat comes into view.
The orc hits you with a +0 flail!
* * * LOW HITPOINT WARNING * * *
Your foxfire dissipates!
The foxfire hits the orc priest.
The orc priest is heavily wounded.
The foxfire hits the orc but does no damage.
The orc is heavily wounded.
The orc attacks as you move away! The orc hits you with a +0 flail.
You die...

......#
......#
......#
###....#
......#
...<.#
###....#
##§@....#
#oo#<...#
#.)#######
#S# #S g
.. .. r..


You could see an orc priest, an adder, an orc, a hobgoblin and a ball python.

Vanquished Creatures
  An orc wizard (D:3)
  2 adders
  3 dart slugs (D:2)
  An orc (D:3)
  3 bats (D:2)
  4 endoplasms
  A giant cockroach (D:2)
  4 goblins
  3 hobgoblins
  4 jackals (D:2)
  5 kobolds
  A quokka (D:2)
  4 ball pythons
  5 frilled lizards
  6 rats
47 creatures vanquished.

Vanquished Creatures (others)
  190 foxfires
190 creatures vanquished.

Grand Total: 237 creatures vanquished

Notes
Turn   | Place    | Note
-------+----------+-------------------------------------------
     0 | D:1      | robertstho the Djinni Fire Elementalist began the quest for
                  | the Orb.
     0 | D:1      | robertstho set off with the following spells memorised:
                  | Foxfire, Scorch, Conjure Flame, Inner Flame, Flame Wave.
     0 | D:1      | Reached XP level 1. HP: 15/15 MP: 0/0
   344 | D:1      | Found a faded altar of an unknown god.
   435 | D:1      | Reached XP level 2. HP: 20/21 MP: 0/0
  1031 | D:2      | Found an iron altar of Okawaru.
  1037 | D:2      | Reached skill level 3 in Spellcasting
  1046 | D:2      | Reached XP level 3. HP: 13/25 MP: 0/0
  1046 | D:2      | Learned a level 1 spell: Freeze
  2218 | D:2      | Reached XP level 4. HP: 29/31 MP: 0/0
  2913 | D:3      | Reached skill level 1 in Fighting
  2913 | D:3      | Reached XP level 5. HP: 14/37 MP: 0/0
  2913 | D:3      | Learned a level 2 spell: Poisonous Vapours
  2917 | D:3      | Slain by an orc

Illustrated notes

Levels and vault maps discovered:
D:1:      minmay_arrival_split_and_join, layout_rooms,
          ebering_ecumenical_altar_petrified
D:2:      layout_loops_ring, basic_altar
D:3:      layout_rooms, nicolae_gozag_cash_rules_everything_around_me,
          minmay_hedge_maze

Skill      XL: |  1  2  3  4 |
---------------+-------------+-----
Spellcasting   | 3 |  3.9
Fighting       | 1 |  1.0
Dodging        | |  2.2
Stealth        | |  1.7

Action                   |  1- 3 |  4- 6 || total
-------------------------+-------+-------++-------
 Cast: Foxfire           |    96 |    23 ||   119
       Scorch            |     2 |     5 ||     7
Armor: Robe              |     4 |       ||     4
Dodge: Dodged            |     8 |     1 ||     9

Table legend: (Time is in decaauts)
 A = Elapsed time spent in this place.
 B = Non-inter-level travel time spent in this place.
 C = Inter-level travel time spent in this place.
 D = Time resting spent in this place.
 E = Time spent auto-exploring this place.
 F = Levels seen in this place.
 G = Mean time per level.
                   A        B        C        D        E       F      G
               +--------+--------+--------+--------+--------+-----+--------+
         Total |   2917 |   2855 |     62 |    224 |   2364 |   3 |  972.3 |
       Dungeon |   2917 |   2855 |     62 |    224 |   2364 |   3 |  972.3 |
               +--------+--------+--------+--------+--------+-----+--------+

Top non-repeatable levels by time:
     D:2: 1644 daAuts
     D:1: 1257 daAuts
     D:3: 14 daAuts
